AoeStats
← [Massa] Edo

Socotra

505577462Analyzed
2v2 RM · 21d ago on Sep 10, 2026· 18m 41s· 4 players
Game mode
Random Map
Map size
Tiny (2 player)
Population
200
Speed
Normal
Resources
Standard
Victory
Conquest
Starting age
Dark Age
Ending age
Imperial Age
RankedLock teamsTeams togetherTeam positionsShared explorationLock speedFull tech treeHidden civsTurbo modeCheats
Victory
Defeat
🇨🇱 Malians · Chile
1470
+16
🇨🇱 Armenians · Chile
1419
+18
🇧🇷 Chinese · Brazil
1490
-18
🇧🇷 Dravidians · Brazil
1440
-16
edo
6:08 Loom
9:17 Feudal Age
9:24 Man-at-Arms
14:29 Fletching
marcoAntonio
2:08 Loom
17:42 Feudal Age
17:43 Man-at-Arms
[Massa] Edo
0:26 Loom
tg
2:03 Loom
9:22 Feudal Age
12:54 Double-Bit Axe
13:38 Fletching
Connection lost

Rejoining the realm…

Still unreachable

The connection could not be restored.

Session expired

The server has moved on; the page needs a fresh start.